Map: Amygdala

Players

iPlayDefense

  • Race: Terran Terran
  • Spawn Location: 1:00

VOD

Have the link to the VOD?

Description

Time

  • Played on: April 11, 2025, 4:06 p.m.
  • Length: 14:03
Show
View Real Time Build Order
Export as new Build Order

iPlayDefense Terran 

Build Orders:  

Get SALT Encoding   

  12  0:01  SCV  
  13  0:18  SCV  
  14  0:28  Supply Depot  
  14  0:39  Refinery  
  14  1:00  SCV  
  14  1:07  Barracks  
  15  1:17  SCV  
  16  1:36  SCV  
  17  1:58  Supply Depot  
  17  2:12  Orbital Command  
  17  2:15  Barracks Reactor  
  17  2:40  Command Center  
  17  2:49  SCV, Refinery  
  18  3:06  Marine x2  
  20  3:22  Factory  
  20  3:24  SCV  
  21  3:41  SCV  
  22  4:01  SCV  
  23  4:18  SCV  
  24  4:25  SCV  
  24  4:28  Supply Depot  
  25  4:33  Factory Tech Lab  
  25  4:35  SCV  
  26  4:42  SCV  
  26  4:47  Factory  
  27  4:52  SCV  
  27  4:59  SCV  
  29  5:04  Supply Depot  
  29  5:07  Marine x2  
  29  5:08  SCV  
  32  5:16  SCV  
  33  5:25  SCV  
  34  5:33  SCV  
  35  5:51  Command Center  
  35  5:53  SCV x2  
  37  6:02  Refinery  
  37  6:03  Factory Tech Lab  
  37  6:10  SCV x2  
  39  6:27  SCV  
  39  6:29  Marine x2  
  42  6:35  Refinery  
  42  6:41  Orbital Command  
  42  6:49  SCV  
  43  6:54  Marine x2  
  45  7:06  SCV  
  46  7:19  Marine x2  
  48  7:23  SCV  
  48  7:28  SCV, Starport  
  50  7:40  SCV  
  50  7:41  Bunker  
  50  7:44  Marine x2  
  50  7:45  SCV, Siege Tank  
  50  7:46  Siege Tank  
  60  7:57  SCV  
  61  8:02  SCV  
  61  8:08  Marine  
  61  8:09  Marine  
  64  8:13  SCV  
  64  8:14  SCV  
  64  8:19  SCV  
  67  8:30  Siege Tank, SCV  
  67  8:31  Siege Tank, SCV  
  67  8:33  Marine  
  67  8:34  Marine  
  67  8:38  Supply Depot, Unknown  
  77  8:51  Starport Reactor  
  77  8:59  Supply Depot  
  77  9:08  SCV x3, Marine x2  
  82  9:10  Supply Depot  
  82  9:15  Siege Tank  
  85  9:29  Siege Tank, SCV x3  
  91  9:33  Supply Depot  
  91  9:43  Supply Depot  
  91  9:46  SCV x2  
  93  10:00  Siege Tank  
  96  10:14  Siege Tank  
  99  10:31  Engineering Bay  
  99  10:44  Refinery  
  99  10:56  Refinery  
  99  11:04  Siege Tank x2  
  105  11:11  SCV, Armory  
  105  11:16  SCV  
  107  11:24  SCV  
  107  11:28  SCV  
  109  11:32  SCV  
  109  11:34  Marine  
  109  11:35  Marine  
  112  11:41  SCV  
  112  11:45  SCV  
  117  11:50  Bunker  
  117  12:25  Supply Depot  
  117  12:33  SCV, Marine x2  
  117  12:55  Supply Depot, SCV x2, Thor  
  125  13:12  SCV, Marine x2  
  125  13:17  Orbital Command  
  134  13:27  Supply Depot  
  134  13:37  Marine x2  
Tags
 
Matchup
Co-op
Replay Pack
DaveSC2
Add a new tag
Caveats
  • Supply blocks, unpowered buildings, or Contaminate may cause inaccurate times.
  • Supply counts are checked every 10 seconds.